 Dungeon Crawl Stone Soup version 0.22.1-6-g1668fe2c40 (webtiles) character file.

6390 Kohma the Covert (level 10, -1/49 HPs)
             Began as a Spriggan Enchanter on Jan 21, 2019.
             Was a Believer of Wu Jian.
             Killed from afar by Josephine (13 damage)
             ... with a ghostly fireball
             ... on level 11 of the Dungeon.
             The game lasted 00:47:43 (13072 turns).

Kohma the Covert (Spriggan Enchanter)              Turns: 13072, Time: 00:47:44

Health: -1/49      AC:  4    Str:  4    XL:     10   Next: 66%
Magic:  10/20      EV: 29    Int: 17    God:    Wu Jian [**....]
Gold:   113        SH:  4    Dex: 20    Spells: 15/21 levels left

rFire    + . .     SeeInvis +   t - +1 dagger (venom)
rCold    + + .     Gourm    .   (shield restricted)
rNeg     . . .     Faith    .   y - +2 robe {rC+}
rPois    .         Spirit   .   (helmet restricted)
rElec    .         Reflect  +   v - scarf {rC+ rF+}
rCorr    .         Harm     .   (gloves unavailable)
MR       ++...                  (boots unavailable)
Stlth    +++++.....             e - +4 amulet of reflection
HPRegen  0.16/turn              l - ring of protection from magic
MPRegen  0.17/turn              C - +3 ring of evasion

@: heavily drained, very quick
A: very small, unfitting armour, see invisible, herbivore, speed 3, slow
metabolism 2
a: Wall Jump, Renounce Religion


You were on level 11 of the Dungeon.
You worshipped Wu Jian.
Wu Jian was pleased with you.
You were full.

You visited 2 branches of the dungeon, and saw 12 of its levels.

You collected 440 gold pieces.
You spent 327 gold pieces at shops.

Inventory:

Hand Weapons
 a - a +1 dagger
 c - a +3 dagger
 t - a +1 dagger of venom (weapon)
 I - a cursed -2 hunting sling
Missiles
 i - 23 poisoned needles
 j - 247 stones (quivered)
Armour
 o - the +1 robe of Too Many Cooks {*Corrode rF+ rN+}
   (You bought it in a shop on level 5 of the Dungeon)

   It protects you from fire.
   It protects you from negative energy.
   It may corrode you when you take damage.
 v - a scarf of resistance (worn)
 y - a +2 robe of cold resistance (worn)
 E - a scarf of repulsion
Jewellery
 e - a +4 amulet of reflection (around neck)
 l - a ring of protection from magic (left hand)
 n - a +2 ring of intelligence
 w - an uncursed ring of positive energy
 A - an uncursed ring of flight
 C - a +3 ring of evasion (right hand)
 K - an uncursed ring of poison resistance {unknown}
Wands
 m - a wand of flame (57)
Scrolls
 b - 2 scrolls of teleportation
 f - 5 scrolls of remove curse
 g - 6 scrolls of identify
 q - 3 scrolls of enchant armour
 r - a scroll of magic mapping {unknown}
 u - a scroll of fog
 x - a scroll of enchant weapon
 G - a scroll of fear {unknown}
 J - a scroll of random uselessness {unknown}
Potions
 h - 2 potions of flight
 k - 2 potions of mutation
 p - a potion of cancellation
 s - a potion of ambrosia
 z - a potion of haste
 B - 2 potions of heal wounds
 D - 2 potions of brilliance
 F - 3 potions of curing
Miscellaneous
 H - a box of beasts
Comestibles
 d - 10 rations


   Skills:
 + Level 3.4(1.7) Fighting
 - Level 10.0(7.9) Short Blades
 + Level 11.6(9.4) Dodging
 + Level 12.6(10.4) Stealth
 - Level 6.0(4.1) Spellcasting
 - Level 5.0(3.2) Hexes
 - Level 2.0(0.3) Ice Magic


You had 15 spell levels left.
You knew the following spells:

 Your Spells              Type           Power        Failure   Level  Hunger
a - Corona                Hex            ##.....      4%          1    None
b - Ensorcelled Hibernat  Hex/Ice        #.....       12%         2    ##.....
c - Confuse               Hex            ##......     13%         3    ###....

Your spell library contained the following spells:

 Spells                   Type           Power        Failure   Level  Hunger
 Tukima's Dance           Hex            ##......     13%         3    ###....
 Dazzling Spray           Conj/Hex       #.....       24%         3    ###....


Dungeon Overview and Level Annotations

Branches:
Dungeon (11/15)            Temple (1/1) D:6            Lair (0/6) D:11
    Orc (0/2) D:9

Altars:
Ashenzari
Cheibriados
Dithmenos
Elyvilon
Fedhas
Gozag
Hepliaklqana
Kikubaaqudgha
Makhleb
Nemelex Xobeh
Okawaru
Qazlal
Ru
Sif Muna
Trog
Uskayaw
Vehumet
Wu Jian
Xom
Yredelemnul
Zin
The Shining One

Shops:
D:5 *   D:9 [   D:10 !

Annotations:
D:8 2 transporters
D:10 exclusion: 2 downstairs
D:11 Josephine


Innate Abilities, Weirdness & Mutations

You are very small and have problems with some larger weapons.
You are too small for most types of armour.
You have supernaturally acute eyesight. (SInv)
You are a herbivore.
You cover ground extremely quickly.
You need to consume almost no food.


Message History

The rat is heavily wounded.
You kill the rat!
The Council accepts your kill. The hippogriff bites you.
* * * LOW HITPOINT WARNING * * *
The hippogriff misses you.
The hippogriff claws you but does no damage.
You spin and attack the hippogriff.
You hit the hippogriff but do no damage.
The hippogriff looks as sick as possible!
The hippogriff is lightly wounded.
The hippogriff misses you. x2; The hippogriff completely misses you.
Found 14 gold pieces.
A death yak comes into view.
The jelly completely misses you.
A shadow imp comes into view.
The river rat twitches its whiskers.
Josephine points at you and mumbles some strange words.
The ghostly flame explodes!
The ghostly fireball engulfs you!
You feel drained.
You die...

#..........#....# #.#
#.#
#......W...#.#..####.#
#.#
#.....#W............#.#
#W#
#.........@...#####.#.#
#W#
..>....>..r............#
#.#
##.........H#..#####.###
#@#
......##......J....#.#
#.# .##...
#......§§§..#.# #<#
##......$...§@####.# ###
#..........§§§....#
..#..Y...#..######
###### .$5......#..#
#....# ........#..#
#.#.##
....#####..#########.#.#
... #............#.#
#..###########.# .....#
#.#


You could see a death yak, Josephine, a hippogriff, 2 wraiths, a jelly and a
river rat.

Vanquished Creatures
  Pikel (D:6)
  Sigmund (D:6)
  4 yaks
  A wraith (D:10)
  3 hogs (D:7)
  A human (D:7)
  A hungry ghost (D:10)
  Edmund (D:4)
  3 orc warriors
  4 sky beasts
  2 black bears
  An ice beast (D:7)
  A phantom (D:9)
  5 ogres
  7 centaurs
  A crocodile (D:9)
  3 bullfrogs
  A big kobold (D:9)
  6 scorpions
  4 wights (D:8)
  3 howler monkeys (D:8)
  8 crimson imps
  4 hounds
  2 jellies
  A quasit (D:5)
  2 bullfrog zombies
  3 orc priests
  A gnoll shaman (D:7)
  7 orc wizards
  A centaur skeleton (D:10)
  2 iguanas
  A worker ant (D:5)
  A hound zombie (D:6)
  A hound skeleton (D:8)
  8 gnolls
  2 howler monkey skeletons
  14 adders
  2 shadow imps
  An ooze (D:2)
  An adder skeleton (D:8)
  3 worms
  6 dart slugs
  8 leopard geckos
  29 orcs
  5 giant cockroaches
  11 hobgoblins
  6 jackals
  3 quokkas
  A ball python (D:2)
  5 bats
  7 frilled lizards
  13 goblins
  7 kobolds
  12 rats
232 creatures vanquished.

Vanquished Creatures (others)
  A bullfrog (D:7)
  A jelly (D:7)
  A giant cockroach (D:7)
3 creatures vanquished.

Grand Total: 235 creatures vanquished

Notes
Turn   | Place    | Note
-------+----------+-------------------------------------------
     0 | D:1      | Kohma the Spriggan Enchanter began the quest for the Orb.
     0 | D:1      | Reached XP level 1. HP: 9/9 MP: 5/5
   122 | D:1      | Reached XP level 2. HP: 13/13 MP: 7/7
   126 | D:1      | Learned a level 2 spell: Ensorcelled Hibernation
   873 | D:2      | Found a sacrificial altar of Ru.
   888 | D:2      | Reached XP level 3. HP: 16/16 MP: 6/9
  1587 | D:2      | Learned a level 3 spell: Confuse
  1928 | D:2      | Reached XP level 4. HP: 17/21 MP: 6/11
  1934 | D:2      | Reached skill level 5 in Hexes
  3019 | D:3      | Reached skill level 1 in Ice Magic
  3213 | D:3      | Reached XP level 5. HP: 16/24 MP: 3/12
  3377 | D:3      | You fall through a shaft!
  3395 | D:4      | Found a glowing golden altar of the Shining One.
  3395 | D:4      | Found a snail-covered altar of Cheibriados.
  3395 | D:4      | Found a stormy altar of Qazlal.
  3416 | D:4      | Noticed Edmund
  3422 | D:4      | Killed Edmund
  3755 | D:3      | Reached XP level 6. HP: 28/28 MP: 3/14
  4055 | D:4      | Reached skill level 5 in Spellcasting
  4169 | D:4      | Reached skill level 5 in Stealth
  4619 | D:5      | Entered Level 5 of the Dungeon
  4975 | D:5      | Reached XP level 7. HP: 32/32 MP: 9/16
  5128 | D:5      | Found Qich's Assorted Antiques.
  5136 | D:5      | Bought a faintly glowing robe for 159 gold pieces
  5146 | D:5      | Identified the +1 robe of Too Many Cooks {*Corrode rF+ rN+}
                  | (You bought it in a shop on level 5 of the Dungeon)
  5211 | D:5      | Reached skill level 5 in Dodging
  5314 | D:5      | Reached skill level 6 in Stealth
  5364 | D:5      | Found an ancient bone altar of Kikubaaqudgha.
  6020 | D:6      | Found a snail-covered altar of Cheibriados.
  6309 | D:6      | Reached skill level 5 in Short Blades
  6482 | D:6      | Found a staircase to the Ecumenical Temple.
  6510 | Temple   | Entered the Ecumenical Temple
  6542 | Temple   | Became a worshipper of the Wu Jian Council
  6756 | D:6      | Noticed Pikel
  6772 | D:6      | Killed Pikel
  6772 | D:6      | Reached skill level 7 in Stealth
  6772 | D:6      | Reached XP level 8. HP: 30/36 MP: 0/18
  6897 | D:6      | Noticed Sigmund
  6904 | D:6      | Killed Sigmund
  6904 | D:6      | Reached skill level 8 in Stealth
  7690 | D:7      | Reached XP level 9. HP: 26/39 MP: 9/19
  7789 | D:7      | Reached skill level 9 in Stealth
  8216 | D:7      | Reached skill level 10 in Stealth
  8471 | D:7      | Reached * piety under Wu Jian
  8743 | D:8      | Found a transporter.
  8771 | D:8      | Found a transporter.
  9250 | D:8      | Reached skill level 10 in Short Blades
  9414 | D:8      | Found a burning altar of Makhleb.
  9416 | D:8      | Found a bloodstained altar of Trog.
  9416 | D:8      | Found a shadowy altar of Dithmenos.
  9443 | D:8      | Reached skill level 10 in Dodging
  9484 | D:8      | Reached XP level 10. HP: 16/44 MP: 11/20
  9727 | D:8      | Reached skill level 11 in Stealth
 10062 | D:8      | Reached skill level 1 in Fighting
 10298 | D:9      | Found Xera Tik's Armour Boutique.
 10393 | D:9      | Noticed an angel
 10394 | D:9      | Found a shimmering altar of Xom.
 10394 | D:9      | Found a glowing silver altar of Zin.
 10559 | D:9      | Found a staircase to the Orcish Mines.
 11007 | D:10     | Entered Level 10 of the Dungeon
 11062 | D:10     | Reached ** piety under Wu Jian
 11220 | D:10     | Found Suonuare's Distillery.
 11223 | D:10     | Bought a potion of curing for 36 gold pieces
 11223 | D:10     | Bought a potion of curing for 36 gold pieces
 11223 | D:10     | Bought a potion of curing for 36 gold pieces
 11223 | D:10     | Bought a potion of heal wounds for 60 gold pieces
 11267 | D:10     | Reached skill level 12 in Stealth
 11960 | D:11     | Noticed Josephine
 12360 | D:11     | Noticed a cyan ugly thing
 12441 | D:11     | Noticed a green ugly thing
 12444 | D:11     | HP: 2/49 [cyan ugly thing (12)]
 13003 | D:11     | Found a staircase to the Lair.
 13069 | D:11     | Noticed a death yak
 13072 | D:11     | Killed from afar by Josephine

Skill      XL: |  1  2  3  4  5  6  7  8  9 10 |
---------------+-------------------------------+-----
Spellcasting   | 3 4 5 6 |  6.0
Hexes          | 4 5 |  5.0
Ice Magic      | 1 2 |  2.0
Short Blades   | 2 3 6 7 10 | 10.0
Dodging        | 4 7 8 10 11 | 11.6
Stealth        | 5 7 8 10 12 | 12.6
Fighting       | 3 |  3.4

Action                   |  1- 3 |  4- 6 |  7- 9 | 10-12 || total
-------------------------+-------+-------+-------+-------++-------
Melee: Dagger            |    98 |    91 |   329 |   218 ||   736
 Cast: Corona            |     5 |       |       |       ||     5
       Ensorcelled Hiber |    23 |    39 |    75 |    29 ||   166
       Confuse           |       |     2 |    22 |    16 ||    40
Invok: Lunge             |       |       |    37 |    30 ||    67
       Whirlwind         |       |       |     1 |     8 ||     9
       Wall Jump         |       |       |       |    10 ||    10
 Abil: Wall Jump         |       |       |       |     1 ||     1
  Use: Scroll            |     4 |     2 |     8 |     2 ||    16
       Potion            |     1 |       |       |       ||     1
 Stab: Sleeping          |    28 |    30 |    46 |    32 ||   136
       Distracted        |     1 |     1 |     2 |     2 ||     6
       Paralysed         |     1 |       |       |       ||     1
       Confused          |       |     1 |    13 |     4 ||    18
  Eat: Ration            |       |     2 |     3 |     4 ||     9
Armor: Robe              |     5 |     5 |    14 |     4 ||    28
Dodge: Dodged            |    77 |    57 |   182 |    93 ||   409
Block: Other             |     2 |    17 |    37 |    12 ||    68
       Reflection        |       |     1 |       |     1 ||     2
